 Dungeon Crawl Stone Soup version 0.27.1-34-g3ba077fa99 (webtiles) character file.

Game seed: 12012268164413211905

599 mcbry74 the Grappler (level 7, -1/99 HPs)
             Began as a Troll Berserker on Jan 2, 2022.
             Was an Elder of Trog.
             Slain by a vampire (9 damage)
             ... on level 5 of the Dungeon.
             The game lasted 00:13:18 (4113 turns).

mcbry74 the Grappler (Troll Berserker)              Turns: 4113, Time: 00:13:18

Health: -1/99      AC:  4    Str: 27    XL:     7   Next: 17%
Magic:  6/6        EV: 10    Int:  4    God:    Trog [****..]
Gold:   383        SH:  0    Dex:  9    Spells: 6/6 levels left

rFire    . . .     SeeInvis .     - Unarmed
rCold    . . .     Faith    .   (no shield)
rNeg     . . .     Spirit   .   a - +0 animal skin
rPois    .         Reflect  .   (helmet restricted)
rElec    .         Harm     .   v - scarf {repulsion}
rCorr    .         Rampage  .   (gloves unavailable)
Will     .....                  (boots unavailable)
Stlth    ..........             (no amulet)
HPRegen  1.26/turn              x - ring of flight
MPRegen  0.10/turn              (no ring)

@: confused, berserking (expiring), flying, repel missiles, very quick
A: large, unfitting armour, claws 3, regeneration 1, shaggy fur 1, tough skin 1
a: Renounce Religion, Berserk, Trog's Hand, Brothers in Arms


You were on level 5 of the Dungeon.
You worshipped Trog.
Trog was greatly pleased with you.
You visited 1 branch of the dungeon, and saw 5 of its levels.
You also visited: Sewer.

You collected 383 gold pieces.

Inventory:

Hand Weapons
 d - a +4 spear
Missiles
 b - 96 stones (quivered)
 h - 9 boomerangs
 u - 2 throwing nets
 w - 7 poisoned darts
Armour
 a - a +0 animal skin (worn)
 v - a scarf of repulsion (worn)
Jewellery
 x - a ring of flight (left claw)
Scrolls
 f - 2 scrolls of enchant weapon
 j - a scroll of amnesia {unknown}
 k - 3 scrolls of enchant armour
 l - a scroll of holy word {unknown}
 n - a scroll of magic mapping {unknown}
 o - a scroll of teleportation {unknown}
 p - 2 scrolls of fear {unknown}
 q - a scroll of fog {unknown}
Potions
 c - 2 potions of heal wounds
 e - 4 potions of haste
 g - a potion of magic {unknown}
 i - 3 potions of curing
 m - a potion of resistance {unknown}
 s - a potion of mutation {unknown}
 t - a potion of invisibility {unknown}


   Skills:
 - Level 2.4 Fighting
 - Level 2.4 Dodging
 + Level 8.3 Unarmed Combat


You had 6 spell levels left.
You didn't know any spells.
Your spell library was empty.

Dungeon Overview and Level Annotations

Branches:
Dungeon (5/15)              Sewer (visited)
 Temple: D:4-7

Altars:
Cheibriados
Nemelex Xobeh
Vehumet


Innate Abilities, Weirdness & Mutations

You are too large for most types of armour.
You have claws for hands.
Your natural rate of healing is unusually fast.
You are covered in fur. (AC +1)
You have tough skin. (AC +1)


Message History

The vampire flickers and vanishes!
Deactivating autopickup; reactivate with Ctrl-A.
You miss something. Your claw misses something. Something hits you.
Something bites you.
Something draws strength from your injuries!
You closely miss something. Something hits you. Something bites you!
Something draws strength from your injuries!
You scratch something but do no damage.
You feel the effects of Trog's Hand fading.
You barely miss something. Something hits you. Something bites you!
Something draws strength from your injuries!
You closely miss something. Something hits you. Something bites you!
Something draws strength from your injuries!
You barely miss something. Something hits you but does no damage.
Something bites you.
Something draws strength from your injuries!
You closely miss something. Something hits you. Something bites you.
Something draws strength from your injuries!
A red film seems to cover your vision as you go berserk!
You feel yourself moving faster!
You feel mighty! Something hits you. Something bites you!
* * * LOW HITPOINT WARNING * * *
Something draws strength from your injuries!
You closely miss something. You closely miss something. Something hits you.
Something bites you!
* * * LOW HITPOINT WARNING * * *
Something draws strength from your injuries!
You miss something.
Your skin stops crawling.
You feel less strong-willed.
You scratch something. Something hits you!
* * * LOW HITPOINT WARNING * * *
Something completely misses you.
You closely miss something.
You hear some strange, mumbled words.
You are confused.
You feel a strong urge to attack something.
Something hits you.
* * * LOW HITPOINT WARNING * * *
Something bites you!
You die...

.######.##### ....
...........# ....#####
#..........# ..$.....#
#..........# ........#
#.........# ........#
#.........# ........#
##.........#
.......{###..##..##### ###.#
........@##.###...# ..#.##
..................# ......#
........##.##.....##
....#.##...........##..#...##
..>.#.. ..........##..###...#
...(... ....................#
....### ..######..##.#####..#
......###..#####...#.#....#.##
........................###..#


There were no monsters in sight!

Vanquished Creatures
  A phantom (D:5)
  A scorpion (D:4)
  A centaur zombie (D:5)
  2 jellies
  A hound (D:4)
  A gnoll shaman (D:4)
  2 orc wizards
  4 adders
  9 gnolls
  6 worms
  A dart slug (D:1)
  9 orcs
  13 endoplasms
  6 giant cockroaches
  9 hobgoblins
  16 jackals
  3 quokkas
  4 ball pythons
  13 bats
  6 frilled lizards
  8 goblins
  8 kobolds
  5 rats
129 creatures vanquished.

Vanquished Creatures (others)
  2 withered plants (D:1)
2 creatures vanquished.

Grand Total: 131 creatures vanquished

Notes
Turn   | Place    | Note
-------+----------+-------------------------------------------
     0 | D:1      | mcbry74 the Troll Berserker began the quest for the Orb.
     0 | D:1      | Reached XP level 1. HP: 22/22 MP: 0/0
   156 | D:1      | Reached XP level 2. HP: 29/29 MP: 1/1
   306 | D:1      | Found a faded altar of an unknown god.
   311 | D:1      | Reached skill level 4 in Unarmed Combat
   318 | D:1      | Reached ** piety under Trog
   422 | D:1      | Reached XP level 3. HP: 33/36 MP: 2/2
   810 | D:2      | Reached XP level 4. HP: 44/44 MP: 3/3
   832 | D:2      | Reached skill level 5 in Unarmed Combat
  1063 | D:2      | Found a radiant altar of Vehumet.
  1812 | D:3      | Reached *** piety under Trog
  2022 | D:4      | Reached XP level 5. HP: 43/50 MP: 4/4
  2074 | D:4      | Reached skill level 6 in Unarmed Combat
  2114 | D:4      | Found a glowing drain.
  2123 | Sewer    | Entered a sewer
  2726 | D:4      | Reached skill level 7 in Unarmed Combat
  2726 | D:4      | Reached XP level 6. HP: 59/59 MP: 5/5
  2906 | D:4      | Reached **** piety under Trog
  3847 | D:5      | Entered Level 5 of the Dungeon
  3869 | D:5      | Found a sparkling altar of Nemelex Xobeh.
  3887 | D:5      | Reached skill level 8 in Unarmed Combat
  3897 | D:5      | Found a snail-covered altar of Cheibriados.
  3912 | D:5      | Reached XP level 7. HP: 66/66 MP: 6/6
  4092 | D:5      | Noticed a vampire
  4113 | D:5      | Slain by a vampire

Illustrated notes

Levels and vault maps discovered:
D:1:      dpeg_arrival_three_bigger_balls, layout_rooms,
          ebering_ecumenical_altar_petrified, chequers_serial_rivers_micro_c,
          minmay_tromino_v4_a
D:2:      layout_loops_ring, basic_altar, minmay_misc_feat_rows
D:3:      layout_basic
D:4:      layout_layer_cave, portal_sewer_entry_d
D:5:      layout_rooms, mainiacjoe_overflow_catwalk_spiral

Skill      XL: |  1  2  3  4  5  6 |
---------------+-------------------+-----
Unarmed Combat | 4 5 7 8 |  8.3
Fighting       | |  2.4
Dodging        | |  2.4

Action                   |  1- 3 |  4- 6 |  7- 9 || total
-------------------------+-------+-------+-------++-------
Melee: Unarmed           |   111 |   183 |    45 ||   339
       Punch             |       |     2 |       ||     2
Throw: Stone             |     9 |       |       ||     9
Invok: Berserk           |       |       |     1 ||     1
       Trog's Hand       |       |       |     1 ||     1
  Use: Scroll            |       |     5 |     1 ||     6
       Potion            |       |     1 |       ||     1
Armor: Animal skin       |    49 |    63 |    12 ||   124
Dodge: Dodged            |    53 |    86 |    12 ||   151
